 Dungeon Crawl Stone Soup version 0.28.0-47-ge53b351184 (webtiles) character file.

Game seed: 14687179821369078370

33 JhonaSan2K the Firebug (level 3, -3/25 HPs)
             Began as a Demonspawn Fire Elementalist on May 6, 2022.
             Was a Follower of Okawaru.
             Slain by a water moccasin (8 damage)
             ... on level 3 of the Dungeon.
             The game lasted 00:07:47 (1951 turns).

JhonaSan2K the Firebug (DsFE)                       Turns: 1951, Time: 00:07:48

Health: -3/25      AC:  4    Str:  8    XL:     3   Next: 12%
Magic:  2/6        EV: 15    Int: 18    God:    Okawaru [*.....]
Gold:   131        SH:  0    Dex: 13    Spells: 6/7 levels left

rFire   . . .      SeeInvis +   e - +0 spear
rCold   . . .      Faith    .   (no shield)
rNeg    . . .      Spirit   .   a - +0 robe
rPois   .          Reflect  .   (no helmet)
rElec   .          Harm     .   (no cloak)
rCorr   .          Rampage  .   (no gloves)
Will    .....                   (no boots)
Stlth   +++.......              (no amulet)
HPRegen 0.08/turn               f - ring of see invisible
MPRegen 0.10/turn               (no ring)

@: heroic
A: molten scales 1
a: Renounce Religion, Heroism


You were on level 3 of the Dungeon.
You worshipped Okawaru.
Okawaru was aware of your devotion.
You visited 1 branch of the dungeon, and saw 3 of its levels.

You collected 131 gold pieces.

Inventory:

Hand Weapons
 e - a +0 spear (weapon)
Missiles
 d - 69 stones
 g - 5 poisoned darts
Armour
 a - a +0 robe (worn)
Jewellery
 f - a ring of see invisible (left hand)
Wands
 l - a wand of iceblast (5)
Scrolls
 c - 4 scrolls of identify
 k - a scroll of brand weapon
Potions
 b - a potion of curing {unknown}
 h - a potion of lignification {unknown}
 i - a potion of might {unknown}
 j - a potion of resistance {unknown}


   Skills:
 * Level 0.4(5.4) Fighting
 * Level 0.0(5.0) Polearms
 - Level 2.2(7.2) Dodging
 - Level 1.7(6.7) Stealth
 * Level 2.5 Spellcasting
 - Level 1.3 Conjurations
 + Level 2.9 Fire Magic


You had 6 spell levels left.
You knew the following spells:

 Your Spells              Type           Power      Damage    Failure   Level
a - Foxfire               Conj/Fire      36%        2x1d5     7%          1

Your spell library contained the following spells:

 Spells                   Type           Power      Damage    Failure   Level
 Scorch                   Fire           24%        2d6       8%          2
 Conjure Flame            Conj/Fire      9%         6-21      22%         3
 Sublimation of Blood     Necr           2%         N/A       26%         2
 Inner Flame              Hex/Fire       7%         N/A       28%         3
 Flame Wave               Conj/Fire      9%         2d5       56%         4
 Petrify                  Tmut/Erth      2%         N/A       86%         4
 Irradiate                Conj/Tmut      2%         3d14      98%         5
 Borgnjor's Vile Clutch   Necr/Erth      1%         N/A       99%         5
 Animate Dead             Necr           Unusable   N/A       N/A         4
 Death Channel            Necr           Unusable   N/A       N/A         6

Dungeon Overview and Level Annotations

Branches:
Dungeon (3/15)

Altars:
Okawaru

Shops:
D:2 *

Annotations:
D:3 lawnmower's ghost, amateur FoAK


Innate Abilities, Weirdness & Mutations

You are partially covered in molten scales. (AC +2)


Message History

You feel sick.
You feel sick.
The water moccasin bites you but does no damage.
Okay, then.
Okay, then.
You feel sick. The water moccasin barely misses you.
Your magical contamination has completely faded away.
You feel sick.
You feel sick. The water moccasin misses you.
You feel sick.
You feel sick.
You are no longer poisoned.
The water moccasin closely misses you. The water moccasin bites you.
* * * LOW HITPOINT WARNING * * *
There is a stone staircase leading down here.
The water moccasin bites you.
* * * LOW HITPOINT WARNING * * *
You gain the combat prowess of a mighty hero.
The water moccasin barely misses you.
Unknown command.
You hit the water moccasin but do no damage.
The water moccasin bites you but does no damage. x2
You barely miss the water moccasin. The water moccasin closely misses you.
You hit the water moccasin.
The water moccasin is moderately wounded.
The water moccasin bites you but does no damage.
You barely miss the water moccasin.
The water moccasin is moderately wounded.
The water moccasin bites you but does no damage.
You miss the water moccasin.
The water moccasin is moderately wounded.
The water moccasin misses you.
You hit the water moccasin. Your punch misses the water moccasin.
The water moccasin is heavily wounded.
The water moccasin misses you. The water moccasin barely misses you.
You hit the water moccasin.
The water moccasin is heavily wounded.
The water moccasin bites you!
You die...

#......†........#
...###..........#
... #..........#
...# #..........#
......#.........#
......#.>.......#
#.....#.........#
......##S########
......##@#
.........###
...........#
...........####
..............#
#.##.#...).##.# #
#.##.#<..# # #
#.#.#.# #.....#


You could see a water moccasin.

Vanquished Creatures
  An ufetubus (D:2)
  A worm (D:3)
  A dart slug (D:2)
  A ball python (D:2)
  5 endoplasms (D:1)
  A giant cockroach (D:1)
  3 goblins
  A hobgoblin (D:1)
  A quokka (D:2)
  A frilled lizard (D:1)
  3 kobolds
  A rat (D:1)
20 creatures vanquished.

Vanquished Creatures (others)
  42 foxfires
  A plant (D:1)
43 creatures vanquished.

Grand Total: 63 creatures vanquished

Notes
Turn   | Place    | Note
-------+----------+-------------------------------------------
     0 | D:1      | JhonaSan2K the Demonspawn Fire Elementalist began the quest
                  | for the Orb.
     0 | D:1      | Reached XP level 1. HP: 13/13 MP: 3/3
   440 | D:1      | Gained mutation: You are partially covered in molten
                  | scales. (AC +2) [demonic ancestry]
   440 | D:1      | Reached XP level 2. HP: 19/19 MP: 3/5
   942 | D:2      | Found a faded altar of an unknown god.
   963 | D:2      | Found Zuytzas's Assorted Antiques.
  1601 | D:2      | Prayed at the altar of an unknown god.
  1601 | D:2      | Became a worshipper of Warmaster Okawaru
  1601 | D:2      | Reached * piety under Okawaru
  1638 | D:2      | Reached XP level 3. HP: 5/25 MP: 4/6
  1926 | D:3      | Noticed lawnmower's ghost (amateur FoAK)
  1926 | D:3      | Noticed a water moccasin
  1951 | D:3      | Slain by a water moccasin

Illustrated notes

Levels and vault maps discovered:
D:1:      lemuel_arrival_muddy, layout_basic,
          hangedman_abyss_or_decor_lesser_grid, minmay_pentomino_q2
D:2:      layout_rooms, serial_shops, nicolae_shop_statue_plus,
          nicolae_ecumenical_pavilion, minivault_5
D:3:      layout_basic, okawaru_metal_pillars_3, mainiacjoe_overflow_boulevard,
          gammafunk_ghost_icy, serial_shops, nicolae_shop_bloodbath_and_beyond,
          minmay_starry_boxes, uniq_terence, uniq_sigmund, uniq_ijyb

Skill      XL: |  1 |
---------------+----+-----
Dodging        | 2 |  2.2
Fighting       | |  0.4
Stealth        | |  1.7
Spellcasting   | |  2.5
Conjurations   | |  1.3
Fire Magic     | |  2.9

Action                   || total
-------------------------++-------
Melee: Unarmed           ||     9
       Spear             ||    44
       Punch             ||     1
 Cast: Foxfire           ||    24
Invok: Heroism           ||     1
  Use: Scroll            ||     1
 Stab: Sleeping          ||     1
Armor: Robe              ||    16
Dodge: Dodged            ||    42
